 Dungeon Crawl Stone Soup version 0.28.0-45-g0d030f2227 (webtiles) character file.

Game seed: 15698199868407571492

205 Icepheonix32 the Skirmisher (level 5, -1/42 HPs)
             Began as a Demonspawn Fighter on Apr 10, 2022.
             Slain by a two-headed ogre
             ... wielding a +0 giant club
              (7 damage)
             ... on level 4 of the Dungeon.
             The game lasted 00:03:36 (2553 turns).

Icepheonix32 the Skirmisher (Demonspawn Fighter)    Turns: 2553, Time: 00:03:37

Health: -1/42      AC:  9    Str: 17    XL:     5   Next: 53%
Magic:  5/5        EV: 11    Int:  9    God:
Gold:   123        SH: 10    Dex: 18    Spells: 4/4 levels left

rFire   . . .      SeeInvis .   a - +0 long sword
rCold   . . .      Faith    .   c - +0 buckler
rNeg    . . .      Spirit   .   s - +3 robe of the Gastropod {Dex+4}
rPois   .          Reflect  +   (no helmet)
rElec   .          Harm     .   (no cloak)
rCorr   .          Rampage  .   l - +1 pair of gloves
Will    .....                   (no boots)
Stlth   ++........              o - amulet of reflection
HPRegen 0.14/turn               (no ring)
MPRegen 0.09/turn               (no ring)

@: mighty
A: hooves 1, thin metallic scales 1, foul stench 1
a: no special abilities


You were on level 4 of the Dungeon.
You visited 1 branch of the dungeon, and saw 4 of its levels.

You collected 123 gold pieces.

Inventory:

Hand Weapons
 a - a +0 long sword (weapon)
Armour
 b - a +0 scale mail
 c - a +0 buckler (worn)
 l - a +1 pair of gloves (worn)
 q - a +0 ring mail
 s - the +3 robe of the Gastropod (worn) {Dex+4}
   (You found it on level 3 of the Dungeon)

   Dex:       It affects your dexterity (+4).
Jewellery
 o - an amulet of reflection (around neck)
Wands
 w - a wand of acid (12)
Scrolls
 f - a scroll of enchant armour
 g - a scroll of fear {unknown}
 h - a scroll of fog
 k - a scroll of teleportation
 n - a scroll of amnesia
 t - a scroll of enchant weapon
 u - a scroll of noise {unknown}
Potions
 d - a potion of might
 e - 2 potions of lignification {unknown}
 i - a potion of berserk rage {unknown}
 j - a potion of magic {unknown}
 m - a potion of resistance {unknown}
 v - a potion of curing {unknown}


   Skills:
 + Level 3.9 Fighting
 + Level 2.3 Long Blades
 - Level 3.7 Armour
 * Level 1.3 Dodging
 + Level 0.9 Stealth
 + Level 3.6 Shields


You had 4 spell levels left.
You didn't know any spells.
Your spell library was empty.

Dungeon Overview and Level Annotations

Branches:
Dungeon (4/15)
 Temple: D:4-7

Altars:

Shops:
D:1 ([=([   D:4 *


Innate Abilities, Weirdness & Mutations

You have large cloven feet.
You are partially covered in thin metallic scales. (AC +2)
You may rarely emit foul miasma when damaged in melee.


Message History

Found a hunting sling.
A ball python comes into view.
g - a scroll labelled NYEMAVOGUEN A two-headed ogre comes into view.
It is wielding two +0 giant clubs.
The ball python hisses angrily.
There is an entrance to Nakiuphec's Assorted Antiques here.
You can access your shopping list by pressing '$'.
The ball python bites you but does no damage.
You block the ball python's attack.
You hit the ball python.
You kill the ball python!
You hear the slow rusting of a distant drain.
You feel very mighty all of a sudden.
Throw: throwing net
Press: ? - help, Q - select action, (/) - cycle Shift-Dir - straight line, f - two-headed ogre
Aim: a two-headed ogre, wielding two +0 giant clubs (76% to hit)
You throw a throwing net.
The throwing net barely misses the two-headed ogre.
The throwing net hits the plant.
The net is caught on the plant!
The two-headed ogre barely misses you.
The two-headed ogre hits you but does no damage.
You closely miss the two-headed ogre.
The two-headed ogre hits you but does no damage.
The two-headed ogre hits you with a +0 giant club!
You emit a cloud of foul miasma!
You hit the two-headed ogre. Your kick misses the two-headed ogre.
The two-headed ogre is lightly wounded.
The two-headed ogre is engulfed in dark miasma.
The two-headed ogre is poisoned.
The two-headed ogre barely misses you.
The two-headed ogre hits you with a +0 giant club!
* * * LOW HITPOINT WARNING * * *
Unknown command.
You hit the two-headed ogre. You kick the two-headed ogre.
The two-headed ogre is moderately wounded.
The two-headed ogre is engulfed in dark miasma.
The two-headed ogre looks even sicker.
The two-headed ogre hits you with a +0 giant club.
* * * LOW HITPOINT WARNING * * *
The two-headed ogre hits you with a +0 giant club!
You die...

,* ###
,****************##*######## #..
,,,,,,,,,,,,+....+...#.....# #..
,,,,,,,,,,,,#....#...#.....# #..
,,,,,,,,,,,,#....#...#.....# #..
,,,,,,,,,,,,*....#...+....#####.#
,,,,,,,,,,,,*,,..#...#....#......
*******+#########......##+#....#.
,,,,,,,,........@O.)PP.........#.
,,,,,,,,........†...∩P.........##
,,,,,,,,...........PPP.....####..
,,,,,,,,...................+,,*..
,,,,,,,,...................#,,*..
****+***+########+##.......#,,*..
*,,,,,,,,*,,,,,*,,#.......#,,*##
*,,,,,,,,*,,,,,*,,#.......+,,,,,
*,,,,,,,,*,,,,****#.......#,,,,,


You could see a two-headed ogre (very poisoned).

Vanquished Creatures
  Ijyb (D:3)
  4 gnolls (D:3)
  8 adders
  A worm (D:3)
  A dart slug (D:2)
  4 orcs (D:3)
  4 bats
  6 endoplasms
  2 giant cockroaches
  2 goblins (D:1)
  6 hobgoblins
  3 jackals (D:2)
  3 quokkas
  9 ball pythons
  2 frilled lizards
  3 kobolds
  5 rats
64 creatures vanquished.

Notes
Turn   | Place    | Note
-------+----------+-------------------------------------------
     0 | D:1      | Icepheonix32 the Demonspawn Fighter began the quest for the
                  | Orb.
     0 | D:1      | Reached XP level 1. HP: 18/18 MP: 1/1
    19 | D:1      | Found Enkusos's Jewellery Boutique.
   178 | D:1      | Gained mutation: You have large cloven feet. [demonic
                  | ancestry]
   178 | D:1      | Reached XP level 2. HP: 24/24 MP: 2/2
   180 | D:1      | Found Hadox's Antique Weapon Boutique.
   397 | D:1      | Found Feyghoyn's Antique Weapon Boutique.
   397 | D:1      | Found Qeehunn's Armour Emporium.
   560 | D:1      | Found Qoif's Antique Armour Shop.
   573 | D:1      | Found a faded altar of an unknown god.
   877 | D:2      | Reached XP level 3. HP: 29/29 MP: 3/3
  1549 | D:2      | Gained mutation: You are partially covered in thin metallic
                  | scales. (AC +2) [demonic ancestry]
  1549 | D:2      | Reached XP level 4. HP: 35/35 MP: 4/4
  1999 | D:3      | Identified the +3 robe of the Gastropod {Dex+4}
  2047 | D:3      | Gained mutation: You may rarely emit foul miasma when
                  | damaged in melee. [demonic ancestry]
  2047 | D:3      | Reached XP level 5. HP: 37/42 MP: 5/5
  2106 | D:3      | Reached skill level 1 in Dodging
  2183 | D:3      | Noticed Ijyb
  2195 | D:3      | Killed Ijyb
  2520 | D:4      | Found Nakiuphec's Assorted Antiques.
  2536 | D:4      | Noticed a two-headed ogre
  2553 | D:4      | Slain by a two-headed ogre

Illustrated notes

Levels and vault maps discovered:
D:1:      ncdulo_halloftheorcs, layout_rooms, serial_aquarium,
          aquarium_bridge_long_joined [aquarium_subvault_bridge,
          aquarium_subvault_wall, aquarium_subvault_bridge,
          aquarium_subvault_bridge, aquarium_subvault_window,
          aquarium_subvault_bridge], aquarium_window_1, aquarium_window_1,
          aquarium_window_2, aquarium_window_1, aquarium_view_2f,
          aquarium_balcony_1b, aquarium_pool_1, serial_shops, shop,
          nicolae_shop_behind_doors, shop, shop, nicolae_square_shop,
          shapermc_ecumenical_altar_petra, hangedman_decor_diamond_cutter,
          minmay_pentomino_v4
D:2:      layout_loops_cross, minmay_shallow_snake_nest
D:3:      layout_loops_ring, uniq_ijyb
D:4:      layout_gridville, serial_shops, nicolae_shop_overgrown_old_shop,
          portal_sewer_entry_e, kennysheep_generic_room_10, uniq_natasha

Skill      XL: |  1  2  3  4  5 |
---------------+----------------+-----
Long Blades    | 2 |  2.3
Shields        | 3 |  3.6
Armour         | 3 |  3.7
Dodging        | 1 |  1.3
Fighting       | |  3.9
Stealth        | |  0.9

Action                   |  1- 3 |  4- 6 || total
-------------------------+-------+-------++-------
Melee: Long sword        |    91 |    78 ||   169
       Kick              |    24 |    20 ||    44
Throw: Throwing net      |       |     1 ||     1
  Use: Scroll            |       |     6 ||     6
       Potion            |       |     1 ||     1
 Stab: Sleeping          |       |     3 ||     3
Armor: Scale mail        |    52 |     9 ||    61
       Robe              |       |    11 ||    11
       Ring mail         |       |     2 ||     2
Dodge: Dodged            |    47 |    28 ||    75
Block: Buckler           |    32 |    40 ||    72
